 Dungeon Crawl Stone Soup version 0.17-a0-227-gf5308cc (webtiles) character file.

16 Pikaro the Skirmisher (level 2, -1/29 HPs)
             Began as an Ogre Fire Elementalist on Mar 30, 2015.
             Slain by an adder (2 damage)
             ... on level 2 of the Dungeon.
             The game lasted 00:02:00 (1176 turns).

Pikaro the Skirmisher (Ogre Fire Elementalist)      Turns: 1176, Time: 00:02:01

Health: -1/29      AC:  3    Str: 12    XL:     2   Next: 58%
Magic:  0/5        EV: 10    Int: 14    God:
Gold:   61         SH:  0    Dex: 10    Spells: 1 memorised, 4 levels left

rFire  . . .     SeeInvis .     i - +0 club
rCold  . . .     Clarity  .     a - +0 robe
rNeg   . . .     SustAb   .     (no shield)
rPois  .         Gourm    .     (helmet restricted)
rElec  .         Spirit   .     f - -1 cloak (curse)
rCorr  .         Warding  .     (gloves unavailable)
rMut   .         Stasis   .     (boots unavailable)
MR     .....                    (no amulet)
Stlth  +.........               (no ring)
                                (no ring)

@: lethally poisoned (-1 -> -14), very slightly contaminated, not resistant to
hostile enchantments, very unstealthy
A: unfitting armour, tough skin 1
a: no special abilities


You were on level 2 of the Dungeon.
You were very hungry.

You visited 1 branch of the dungeon, and saw 2 of its levels.

You collected 61 gold pieces.

Inventory:

Hand weapons
 i - a +0 club (weapon)
   (You took it off a hobgoblin on level 1 of the Dungeon)
Armour
 a - a +0 robe (worn)
 f - a cursed -1 cloak (worn)
   (You found it on level 1 of the Dungeon)
Jewellery
 e - an uncursed ring of magical power {unknown}
   (You took it off a hobgoblin on level 1 of the Dungeon)
Scrolls
 h - a scroll of remove curse {unknown}
 j - a scroll of enchant weapon
 l - a scroll of fear {unknown}
Books
 b - a book of Flames
Comestibles
 c - 2 meat rations
 d - 3 fruits
 g - a bread ration


   Skills:
 + Level 2.9 Fighting
 - Level 1.7 Dodging
 - Level 1.5 Stealth
 - Level 2.4 Spellcasting
 - Level 0.6 Conjurations
 - Level 2.1 Fire Magic


You had 4 spell levels left.
You knew the following spells:

 Your Spells              Type           Power        Failure   Level  Hunger
A - Flame Tongue          Conj/Fire      #....        14%         1    #......


Dungeon Overview and Level Annotations

Branches:
Dungeon (2/15)

Altars:

Annotations:
D:1 1 runed door


Innate Abilities, Weirdness & Mutations

You are too large for most types of armour.
You have tough skin (AC +1).


Message History

The jackal barks!
The jackal barks! a ring mail; a rat skeleton The jelly quivers.
The jackal barks!
There is an open door, spattered with blood here.
The jackal barks!
There is a stone staircase leading down here.
You climb downwards.
There is a stone staircase leading up here.
A kobold comes into view.
The kobold shouts!
The kobold throws a stone.
The stone barely misses you.
The kobold throws a stone.
The stone closely misses you. The kobold barely misses you.
You hit the kobold but do no damage. The kobold hits you.
You take 1 damage, and have 28/29 hp.
You barely miss the kobold. The kobold barely misses you.
You hit the kobold.
You kill the kobold!
No target in view!
No target in view!
You start resting.
Health restored: 29; Total turns waited: 9 You now have 61 gold pieces (gained 17).
h - a scroll labeled RUOCRI YVUKE
c - 2 meat rations (gained 1)
A kobold comes into view. It is wielding a whip.
The kobold shouts!
The kobold closely misses you.
A bat and an adder come into view.
You hit the kobold but do no damage. The kobold misses you.
You hit the kobold. The kobold closely misses you.
The kobold closely misses you.
You barely miss the adder. The bat hits you but does no damage.
The adder bites you.
You are poisoned.
The adder poisons you! The adder bites you but does no damage.
The kobold hits you with a whip.
You take 5 damage, and have 24/29 hp.
You feel sick. The bat hits you.
You take 2 damage, and have 22/29 hp.
You feel sick. The bat hits you. The bat hits you but does no damage.
You take 2 damage, and have 20/29 hp.
You barely miss the bat. The bat closely misses you.
The bat closely misses you.
You closely miss the bat.
You feel sick. The bat hits you but does no damage.
You take 1 damage, and have 19/29 hp.
Aim: a kobold, wielding a whip The flame tongue hits the kobold.
You kill the kobold!
The bat barely misses you. The bat hits you but does no damage.
You now have 4/5 mp.
Aim: a bat You miscast Flame Tongue.
You are very lightly contaminated with residual magic.
Your hair stands on end.
The bat closely misses you.
A giant newt comes into view.
You now have 3/5 mp.
Aim: a bat The flame tongue hits the adder.
You feel sick. The adder barely misses you. The adder bites you.
You are more poisoned.
The adder poisons you!
You take 4 damage, and have 15/29 hp.
You now have 2/5 mp.
Aim: a bat The flame tongue misses the adder.
The flame tongue hits the bat.
You kill the bat!
You feel sick. The adder bites you.
You are lethally poisoned!
The adder poisons you!
You take 3 damage, and have 12/29 hp.
You now have 1/5 mp.
HP below 50%!
Drink which item? (? for menu, Esc to quit)
It was a potion of cancellation.
Your magical contamination has completely faded away.
You feel magically purged.
You feel sick. The adder bites you.
You take 3 damage, and have 9/29 hp.
Aim: an adder (lightly wounded)
You miscast Flame Tongue.
You are very lightly contaminated with residual magic.
Your skin tingles.
You feel sick. The adder bites you.
* * * LOW HITPOINT WARNING * * *
You take 2 damage, and have 7/29 hp.
You now have 0/5 mp.
HP below 25%!
You barely miss the adder.
You are feeling very hungry.
* * * LOW HITPOINT WARNING * * *
You feel sick. The adder barely misses you. The adder bites you.
* * * LOW HITPOINT WARNING * * *
You are more poisoned.
The adder poisons you!
You take 3 damage, and have 4/29 hp.
You barely miss the adder.
* * * LOW HITPOINT WARNING * * *
You feel sick. The adder bites you but does no damage.
The adder bites you but does no damage.
You take 2 damage, and have 2/29 hp.
You hit the adder.
* * * LOW HITPOINT WARNING * * *
You feel sick. The adder barely misses you. The adder bites you.
You die...

#....######.##.##
(######............#..#
...............†.......
.###.###'###.####..#.(#
#. #.# #.# #..#..# #.
#.# #.# #..#..# #. #.#
#.# #..#...
##.#.##.###.###.#
#..#.#.
.......lS@...##.#
#..#.#.
...#.##.###..##.#
#..#.#. #. #..... ...#.
#. ..[..... #. ##......
.. ..... ## #... ?.


You could see an adder and a giant newt.

Vanquished Creatures
  A giant gecko (D:1)
  A ball python (D:1)
  2 bats
  A hobgoblin (D:1)
  A jackal (D:1)
  6 kobolds
  2 rats (D:1)
14 creatures vanquished.

Notes
Turn   | Place    | Note
--------------------------------------------------------------
     0 | D:1      | Pikaro, the Ogre Fire Elementalist, began the quest for the Orb.
     0 | D:1      | Reached XP level 1. HP: 16/16 MP: 3/3
     0 | D:1      | Noticed a jelly
     0 | D:1      | Noticed a jelly
     1 | D:1      | Found a runed door.
   252 | D:1      | Reached skill level 1 in Fighting
   495 | D:1      | Reached skill level 2 in Fighting
   495 | D:1      | Reached XP level 2. HP: 25/28 MP: 1/5
  1173 | D:2      | HP: 7/29 [adder (2)]
  1175 | D:2      | HP: 2/29 [poisoned by an adder]
  1176 | D:2      | Slain by an adder

Action                   || total
-------------------------++-------
Melee: Unarmed           ||    25
       Club              ||    19
 Cast: Flame Tongue      ||    13
  Use: Scroll            ||     2
       Potion            ||     1

Vault maps used:
D:1:      dpeg_arrival_caged_fury, kennysheep_another_room

Table legend:
 A = Turns spent in this place as a percentage of turns spent in the entire game.
 B = Non-inter-level travel turns spent in this place as a percentage of non-inter-level travel turns spent in the entire game.
 C = Inter-level travel turns spent in this place as a percentage of turns spent in this place.
 D = Turns resting spent in this place as a percentage of non-inter-level travel turns spent in this place.
 E = Turns spent auto-exploring this place as a percentage of non-inter-level travel turns spent in this place.
 F = Non-inter-level travel turns spent in this place divided by the number of levels of this place that you've seen.
                   A       B       C       D       E      F
               +-------+-------+-------+-------+-------+----------------------
         Total | 100.0 | 100.0 |   0.6 |  12.2 |   9.9 |  86.0
       Dungeon | 100.0 | 100.0 |   0.6 |  12.2 |   9.9 |  86.0
               +-------+-------+-------+-------+-------+----------------------

Table legend:
 A = Kills in this place as a percentage of kills in entire the game.
 B = Kills by you in this place as a percentage of kills by you in the entire game.
 C = Kills by friends in this place as a percentage of kills by friends in the entire game.
 D = Other kills in this place as a percentage of other kills in the entire game.
 E = Experience gained in this place as a percentage of experience gained in the entire game.
 F = Experience gained in this place divided by the number of levels of this place that you have seen.
                   A       B       C       D       E      F
               +-------+-------+-------+-------+-------+----------------------
         Total | 100.0 | 100.0 |  -nan |  -nan | 100.0 |  12.0
       Dungeon | 100.0 | 100.0 |  -nan |  -nan | 100.0 |  12.0
               +-------+-------+-------+-------+-------+----------------------
